 Dungeon Crawl Stone Soup version 0.18.1-50-g88ac8fd (webtiles) character file.

1 yungnami the Sneak (level 1, 0/15 HPs)
             Began as a Naga Wizard on Oct 3, 2016.
             Slain by a hobgoblin (2 damage)
             ... on level 1 of the Dungeon.
             The game lasted 00:01:05 (95 turns).

yungnami the Sneak (Naga Wizard)                      Turns: 95, Time: 00:01:06

Health: 0/15       AC:  1    Str:  9    XL:     1   Next: 20%
Magic:  3/4        EV:  9    Int: 18    God:
Gold:   0          SH:  0    Dex:  9    Spells: 1 memorised, 5 levels left

rFire  . . .     SeeInvis +     e - +0 hand axe
rCold  . . .     Gourm    .     a - +0 robe
rNeg   . . .     Faith    .     (no shield)
rPois  +         Spirit   .     b - +0 hat
rElec  .         Dismiss  .     (no cloak)
rCorr  .         Reflect  .     (no gloves)
SustAt .         Harm     .     (no barding)
MR     .....                    (no amulet)
Stlth  ++........               (no ring)
                                (no ring)

@: very slightly contaminated, very slow, not resistant to hostile enchantments,
unstealthy
A: see invisible, deformed body, poison resistance, slowness 2, slow metabolism
1, spit poison 2, AC +0
a: Spit Poison


You were on level 1 of the Dungeon.
You were not hungry.

You visited 1 branch of the dungeon, and saw 1 of its levels.

Inventory:

Hand Weapons
 e - a +0 hand axe (weapon)
Missiles
 g - 19 stones (quivered)
Armour
 a - a +0 robe (worn)
 b - a +0 hat (worn)
Books
 c - a book of Minor Magic

   Spells                             Type                      Level
   a - Magic Dart                     Conjuration                  1
   b - Blink                          Translocation                2
   c - Call Imp                       Summoning                    2
   d - Repel Missiles                 Charms/Air                   2
   e - Slow                           Hexes                        2
   f - Conjure Flame                  Conjuration/Fire             3
   g - Mephitic Cloud                 Conjuration/Poison/Air       3
Comestibles
 d - a bread ration
 f - a chunk of flesh


   Skills:
 + Level 1.5 Dodging
 + Level 3.0 Stealth
 + Level 3.0 Spellcasting
 + Level 1.0 Conjurations
   Level 1.0 Summonings
   Level 1.0 Translocations


You had 5 spell levels left.
You knew the following spells:

 Your Spells              Type           Power        Failure   Level  Hunger
a - Magic Dart            Conj           #...         12%         1    None


Dungeon Overview and Level Annotations

Branches:
Dungeon (1/15)

Altars:


Innate Abilities, Weirdness & Mutations

You cannot wear boots.
Your serpentine skin is tough (AC +0).
You have supernaturally acute eyesight.
Armour fits poorly on your strangely shaped body.
Your system is resistant to poisons.
You cover ground very slowly.
You have a slow metabolism.
You can spit poison.


Message History

A goblin comes into view. It is wielding a dagger.
The kobold shouts!
The goblin shouts!
The kobold hits you.
You closely miss the kobold. The kobold barely misses you.
Casting: Magic Dart
Confirm with . or Enter, or press ? or * to list all spells.
Aiming: Magic Dart
Press: ? - help, Shift-Dir - straight line, f - kobold
Aim: a kobold You miscast Magic Dart.
You are very lightly contaminated with residual magic.
You are momentarily dazzled by a flash of light!
The kobold hits you.
* * * LOW HITPOINT WARNING * * *
The kobold hits you but does no damage. The goblin hits you but does no damage.
The kobold hits you but does no damage.
The hobgoblin hits you but does no damage.
The goblin closely misses you. The hobgoblin hits you.
You die...

...####........#.#.#.......
....................#
...###..##.###..##>..#
#....#.# #.....#.....
#..##.#.# #.##..###.... #.#
#.#.# #..#.... ..## #.
#.#.# ##.#..... ..# # #.#.#
....... .# #.#@# #...... .#
#.#g# #.Kg# ##..###..#
#.......# ##..###.# #.##
#.# #.#


You could see a hobgoblin, a goblin and a kobold.

Vanquished Creatures
  2 rats (D:1)
2 creatures vanquished.

Notes
Turn   | Place    | Note
--------------------------------------------------------------
     0 | D:1      | yungnami the Naga Wizard began the quest for the Orb.
     0 | D:1      | Reached XP level 1. HP: 15/15 MP: 4/4
     2 | D:1      | Noticed a vine stalker
     2 | D:1      | Noticed a human
     4 | D:1      | Noticed a spriggan
     4 | D:1      | Noticed a tengu
     6 | D:1      | Noticed a dwarf
     6 | D:1      | Noticed an elf
     8 | D:1      | Noticed an ogre
    10 | D:1      | Noticed a merfolk
    10 | D:1      | Noticed a minotaur
    12 | D:1      | Noticed a troll
    14 | D:1      | Noticed a ghoul
    14 | D:1      | Noticed a naga
    16 | D:1      | Noticed a vampire
    20 | D:1      | Noticed a gargoyle
    20 | D:1      | Noticed a centaur
    22 | D:1      | Noticed a draconian
    22 | D:1      | Noticed a halfling
    30 | D:1      | Noticed a formicid
    30 | D:1      | Noticed an octopode
    32 | D:1      | Noticed a felid
    34 | D:1      | Noticed a demonspawn
    34 | D:1      | Noticed a demigod
    95 | D:1      | Slain by a hobgoblin

Action                   || total
-------------------------++-------
Melee: Hand axe          ||    11
  Use: Scroll            ||     1
Armor: Robe              ||     6
Dodge: Dodged            ||     7
